Map: Abiogenesis LE

Players

Ramere - Winner!

  • Race: Zerg Zerg
  • League: Diamond
  • Spawn Location: 11:00

Redeagl

  • Race: Zerg Zerg
  • League: Diamond
  • Spawn Location: 5:00

VOD

Have the link to the VOD?

Description

Time

  • Played on: Jan. 26, 2018, 1:38 p.m.
  • Length: 7:10
Show
View Real Time Build Order
Export as new Build Order

Ramere Zerg - Winner!

Build Orders: Hatch First 

Get SALT Encoding   

  12  0:01  Drone  
  13  0:12  Overlord  
  13  0:17  Drone  
  14  0:31  Drone x2  
  14  0:34  Drone  
  17  0:53  Hatchery  
  17  0:57  Drone  
  17  0:59  Drone  
  18  1:12  Extractor  
  18  1:14  Spawning Pool  
  18  1:17  Drone  
  17  1:20  Drone  
  18  1:28  Drone  
  19  1:48  Drone  
  19  1:53  Drone  
  21  2:00  Drone  
  22  2:04  Drone  
  23  2:08  Queen x2  
  23  2:12  Overlord  
  23  2:15  Metabolic Boost  
  27  2:18  Drone  
  28  2:32  Drone x2  
  28  2:36  Drone  
  31  2:44  Queen  
  31  2:49  Baneling Nest  
  32  2:56  Evolution Chamber  
  31  3:00  Evolution Chamber  
  31  3:01  Roach Warren  
  31  3:03  Drone x5  
  34  3:15  Zergling x4  
  36  3:29  Overlord  
  36  3:30  Overlord  
  36  3:31  Overlord  
  34  3:38  Baneling x2  
  29  3:45  Zergling x10  
  33  3:49  Queen  
  33  3:55  Zergling x4  
  32  4:10  Roach  
  32  4:11  Roach x2  
  38  4:30  Roach x5  
  44  4:32  Zergling x2  
  45  4:43  Drone x2  
  45  5:07  Queen  
  45  5:09  Drone x6  
  53  5:20  Hatchery  
  45  5:30  Zergling x4  
  45  5:31  Zergling x4  
  45  5:37  Roach x2  
  45  5:38  Roach  
  43  5:49  Baneling x4  
  43  5:50  Zergling x2  
  43  5:51  Zergling x4  
  44  6:08  Roach x4  
  48  6:36  Zergling x18  
Show
View Real Time Build Order
Export as new Build Order

Redeagl Zerg 

Build Orders: Hatch First 

Get SALT Encoding   

  12  0:01  Drone  
  13  0:11  Drone  
  13  0:13  Extractor  
  13  0:16  Drone  
  15  0:39  Hatchery  
  15  0:42  Extractor  
  13  0:44  Drone  
  14  1:01  Spawning Pool  
  13  1:05  Drone  
  14  1:16  Overlord  
  14  1:47  Zergling x6  
  14  1:48  Metabolic Boost  
  14  1:51  Queen  
  19  1:55  Zergling x2  
  19  2:00  Zergling x2  
  21  2:03  Zergling x2  
  22  2:10  Zergling x2  
  22  2:14  Zergling x2  
  24  2:20  Overlord  
  24  2:24  Zergling x2  
  25  2:31  Zergling x2  
  25  2:35  Zergling x2  
  27  2:40  Queen  
  29  2:44  Zergling x2  
  29  2:48  Zergling x2  
  31  2:53  Zergling x2  
  32  2:58  Overlord  
  32  3:03  Zergling x2  
  33  3:06  Zergling x2  
  33  3:12  Zergling x2  
  35  3:14  Zergling x2  
  36  3:20  Zergling x2  
  36  3:25  Zergling x4  
  38  3:29  Zergling x2  
  38  3:41  Zergling x6  
  41  3:47  Zergling x4  
  28  3:56  Zergling x4  
  28  4:00  Zergling x2  
  30  4:10  Zergling x6  
  30  4:15  Zergling x2  
  33  4:20  Zergling x2  
  34  4:28  Zergling x4  
  33  4:33  Zergling x4  
  33  4:38  Zergling x2  
  31  4:43  Zergling x4  
  33  4:52  Zergling x4  
  27  5:01  Zergling x6  
  27  5:05  Zergling x2  
  30  5:09  Zergling x2  
  30  5:14  Zergling x2  
  32  5:17  Zergling x2  
  33  5:25  Zergling x4  
  31  5:30  Zergling x2  
  31  5:34  Zergling x2  
  29  5:39  Zergling x4  
  29  5:45  Zergling x2  
  29  5:48  Zergling x2  
  31  5:53  Zergling x2  
  32  6:06  Zergling x8  
  33  6:14  Zergling x4  
  31  6:20  Zergling x4  
  31  6:23  Zergling x2  
  34  6:27  Zergling x2  
  35  6:33  Zergling x2  
  35  6:39  Zergling x2  
Tags
 
Add a new tag
Caveats
  • Supply blocks, unpowered buildings, or Contaminate may cause inaccurate times.
  • Supply counts are checked every 10 seconds.